 Dungeon Crawl Stone Soup version 0.28-a0-1504-g839a4452db (webtiles) character file.

Game seed: 2000556820175648470

27 Essalna the Sneak (level 3, -1/30 HPs)
             Began as a Djinni Delver on Jan 13, 2022.
             Slain by an orc (2 damage)
             ... on level 3 of the Dungeon.
             The game lasted 00:02:42 (848 turns).

Essalna the Sneak (Djinni Delver)                    Turns: 848, Time: 00:02:42

Health: -1/30      AC:  3    Str: 11    XL:     3   Next: 25%
Gold:   58         EV: 12    Int: 13    God:
                   SH:  0    Dex: 14

rFire   + + .      SeeInvis .   a - +0 falchion
rCold   x . .      Faith    .   (no shield)
rNeg    . . .      Spirit   .   b - +0 leather armour
rPois   ∞          Reflect  .   (no helmet)
rElec   .          Harm     .   (no cloak)
rCorr   .          Rampage  .   (no gloves)
Will    .....                   (boots unavailable)
Stlth   ++........              (no amulet)
HPRegen 0.10/turn               (no ring)
MPRegen 0.00/turn               (no ring)

@: flying, hasted, very quick
A: sickness immunity, fire resistance 2, cold vulnerability 1, float, innate
caster, hp casting, extra vitality 1
a: no special abilities


You were on level 3 of the Dungeon.
You visited 1 branch of the dungeon, and saw 4 of its levels.

You collected 58 gold pieces.

Inventory:

Hand Weapons
 a - a +0 falchion (weapon)
Armour
 b - a +0 leather armour (worn)
Wands
 g - a wand of digging (3)
Scrolls
 c - a scroll of fog
 d - a scroll of magic mapping
 e - a scroll of fear
Potions
 h - a potion of curing {unknown}
 i - a potion of berserk rage {unknown}


   Skills:
 - Level 3.0 Fighting
 - Level 1.7 Long Blades
 - Level 2.1 Dodging
 - Level 4.1 Stealth
 + Level 1.9 Spellcasting


You had 4 spell levels left.
You knew the following spells:

 Your Spells              Type           Power      Damage    Failure   Level
a - Magic Dart            Conj           24%        1d4       16%         1
Your spell library was empty.

Dungeon Overview and Level Annotations

Branches:
Dungeon (5/15)
 Temple: D:4-7

Altars:


Innate Abilities, Weirdness & Mutations

You are immune to sickness and miasma.
You are immune to poison.
Your flesh is very heat resistant. (rF++)
You are vulnerable to cold. (rC-)
You float through the air rather than walking.
You learn spells naturally, not from books.
Your magical power is your life essence.
You have superior vitality. (+4 MHP)


Message History

The magic dart hits the orc.
The orc is heavily wounded.
* * * LOW HITPOINT WARNING * * *
Casting: Magic Dart (safe; 16% risk of failure)
Confirm with . or Enter, or press ? or * to list all spells.
Aiming: Magic Dart (safe; 16% risk of failure)
Press: ? - help, Shift-Dir - straight line, f/p - orc
Aim: an orc, wielding a +0 hand axe and wearing a +0 chain mail (heavily wounded, 100% to hit)
The magic dart hits the orc but does no damage.
The orc is heavily wounded.
* * * LOW HITPOINT WARNING * * *
Casting: Magic Dart (safe; 16% risk of failure)
Confirm with . or Enter, or press ? or * to list all spells.
Aiming: Magic Dart (safe; 16% risk of failure)
Press: ? - help, Shift-Dir - straight line, f/p - orc
Aim: an orc, wielding a +0 hand axe and wearing a +0 chain mail (heavily wounded, 100% to hit)
The magic dart hits the orc but does no damage.
The orc is heavily wounded.
* * * LOW HITPOINT WARNING * * *
Casting: Magic Dart (safe; 16% risk of failure)
Confirm with . or Enter, or press ? or * to list all spells.
Aiming: Magic Dart (safe; 16% risk of failure)
Press: ? - help, Shift-Dir - straight line, f/p - orc
Aim: an orc, wielding a +0 hand axe and wearing a +0 chain mail (heavily wounded, 100% to hit)
The magic dart hits the orc but does no damage.
The orc is heavily wounded.
* * * LOW HITPOINT WARNING * * *
Casting: Magic Dart (safe; 16% risk of failure)
Confirm with . or Enter, or press ? or * to list all spells.
You don't have enough health to cast this spell.
Unknown command.
You hit the orc but do no damage.
The orc is heavily wounded.
The orc barely misses you.
You hit the orc.
The orc is severely wounded.
You barely miss the orc.
The orc is severely wounded.
The orc hits you with a +0 hand axe.
You die...

### ### #.# ##########.#
#.#######..).......#
#.........########.#
#####.#######..........#
#.....#######'##########
#.####.........## #.#
##..........#
#)###........o@.#
#.)......######.#
###<#....# ###.#
#...#### #.#.# #...#####
#.#.# #.......#
#.#.###### #...###.#
#>......... #.....#.#
########### #....##.#


You could see an orc.

Vanquished Creatures
  An adder (D:5)
  A worm (D:5)
  3 orcs (D:3)
  A ball python (D:3)
  An endoplasm (D:4)
  3 jackals (D:5)
  A quokka (D:5)
11 creatures vanquished.

Notes
Turn   | Place    | Note
-------+----------+-------------------------------------------
     0 | D:5      | Essalna the Djinni Delver began the quest for the Orb.
     0 | D:5      | Reached XP level 1. HP: 20/20 MP: 0/0
   195 | D:5      | Noticed an iguana
   264 | D:5      | Reached skill level 1 in Spellcasting
   264 | D:5      | Reached XP level 2. HP: 21/25 MP: 0/0
   745 | D:3      | Reached XP level 3. HP: 18/30 MP: 0/0
   745 | D:3      | Learned a level 1 spell: Magic Dart
   848 | D:3      | Slain by an orc

Illustrated notes

Levels and vault maps discovered:
D:2:      layout_basic, serial_shops, nicolae_shop_behind_doors, basic_altar,
          nrook_uturn, uniq_sigmund, uniq_terence
D:3:      layout_basic, minmay_misc_feat_tower
D:4:      layout_rooms, marbit_many_paths, nicolae_overflow_hallway_of_the_gods,
          amcnicky_mini_rare_corridor_liquid
D:5:      layout_loops_cross, zin_academy

Skill      XL: |  1 |
---------------+----+-----
Spellcasting   | 1 |  1.9
Fighting       | |  3.0
Long Blades    | |  1.7
Dodging        | |  2.1
Stealth        | |  4.1

Action                   || total
-------------------------++-------
Melee: Falchion          ||    37
       Punch             ||     1
 Cast: Magic Dart        ||    20
  Use: Potion            ||     1
 Stab: Sleeping          ||     1
Armor: Leather armour    ||    20
Dodge: Dodged            ||    47

Table legend: (Time is in decaauts)
 A = Elapsed time spent in this place.
 B = Non-inter-level travel time spent in this place.
 C = Inter-level travel time spent in this place.
 D = Time resting spent in this place.
 E = Time spent auto-exploring this place.
 F = Levels seen in this place.
 G = Mean time per level.
                   A        B        C        D        E       F      G
               +--------+--------+--------+--------+--------+-----+--------+
         Total |    849 |    839 |     10 |      0 |    549 |   4 |  212.2 |
       Dungeon |    849 |    839 |     10 |      0 |    549 |   4 |  212.2 |
               +--------+--------+--------+--------+--------+-----+--------+

Top non-repeatable levels by time:
     D:5: 640 daAuts
     D:3: 165 daAuts
     D:4: 41 daAuts
     D:2: 1 daAuts
